 Dungeon Crawl Stone Soup version 0.24-a0-545-gd1b266b (webtiles) character file.

Game seed: 3018384108842173327

546 Dorkslayer the Chopper (level 7, -2/61 HPs)
             Began as a Minotaur Fighter on Aug 18, 2019.
             Slain by Pikel
             ... wielding a +1 whip of freezing
              (6 damage)
             ... on level 4 of the Dungeon.
             The game lasted 00:15:17 (3127 turns).

Dorkslayer the Chopper (Minotaur Fighter)           Turns: 3127, Time: 00:15:18

Health: -2/61      AC: 16    Str: 22    XL:     7   Next: 6%
Magic:  6/6        EV:  6    Int:  5    God:
Gold:   131        SH: 10    Dex: 10    Spells: 6/6 levels left

rFire    . . .     SeeInvis .   a - +0 war axe
rCold    + . .     Gourm    .   c - +0 shield
rNeg     . . .     Faith    .   g - +4 chain mail
rPois    .         Spirit   .   (helmet restricted)
rElec    +         Reflect  .   r - +0 cloak
rCorr    .         Harm     .   e - +0 pair of gloves
MR       .....                  (no boots)
Stlth    ..........             (no amulet)
HPRegen  0.20/turn              (no ring)
MPRegen  0.10/turn              (no ring)

@: no status effects
A: retaliatory headbutt, horns 2, blink, cold resistance 1, electricity
resistance, wild magic 1
a: Blink


You were on level 4 of the Dungeon.
You were not hungry.

You visited 1 branch of the dungeon, and saw 4 of its levels.

You collected 131 gold pieces.

Inventory:

Hand Weapons
 a - a +0 war axe (weapon)
Armour
 c - a +0 shield (worn)
 e - a +0 pair of gloves (worn)
 g - a +4 chain mail (worn)
 r - a +0 cloak (worn)
Wands
 b - a wand of acid (3)
Scrolls
 o - 2 scrolls of teleportation
Potions
 h - 2 potions of brilliance {unknown}
 i - a potion of curing {unknown}
 j - 2 potions of cancellation
 m - a potion of mutation
 p - a potion of berserk rage {unknown}
 q - 3 potions of flight {unknown}
 s - a potion of magic {unknown}
Comestibles
 d - 2 chunks of flesh
 f - 4 rations


   Skills:
 + Level 5.2 Fighting
 + Level 6.3 Axes
 + Level 5.4 Armour
 + Level 1.0 Dodging
 + Level 0.1 Stealth
 + Level 5.1 Shields


You had 6 spell levels left.
You didn't know any spells.
Your spell library was empty.

Dungeon Overview and Level Annotations

Branches:
Dungeon (4/15)
 Temple: D:4-7

Altars:
Gozag

Annotations:
D:4 Pikel


Innate Abilities, Weirdness & Mutations

You reflexively headbutt those who attack you in melee.
You have a pair of horns on your head.
You can translocate small distances at will.
Your flesh is cold resistant. (rC+)
You are resistant to electric shocks. (rElec)
Your spells are a little harder to cast, but a little more powerful.


Message History

You closely miss Pikel.
Pikel is severely wounded.
You slash the slave!
You kill the slave!
That felt strangely unrewarding.
You slash the slave! You hit the slave but do no damage.
You block Pikel's attack. The slave hits you but does no damage.
The slave hits you!
* * * LOW HITPOINT WARNING * * *
You barely miss Pikel. Your headbutt misses Pikel.
Pikel is severely wounded.
You miss the slave. You hit the slave. You block Pikel's attack.
The slave hits you but does no damage. x3; You block Pikel's attack.
Unknown command.
You slash Pikel!
Pikel is almost dead.
You closely miss the slave. You slash the slave!
You kill the slave!
That felt strangely unrewarding.
You block the slave's attack.
Pikel hits you with a +1 whip of freezing.
You die...

,,,,*
**,,,*****,*#...........
,****
*,,,,,,,,,*##..........
**
**,*********#.....⌠....
* *,* *,##......... **
##+#* #.*#......... ,*
##...## #.*##........ ,*
#.....## #.###...(..##
** **#...!##
#...##...####
#...K@####...##.######
#.....p.......#.#.....
*****
#.....####......)##### *
***,,,* #....##
##.#.#### ****,+,,,*
#...## **#.# ,*,,**,,,*
#..## #.# *,********
#'## #.# *** #.# #.# #.#
#.#


You could see Pikel and a slave.

Vanquished Creatures
  Eustachio (D:4)
  Edmund (D:4)
  3 slaves (D:4)
  An ogre (D:4)
  2 hounds (D:4)
  An iguana (D:4)
  A howler monkey skeleton (D:4)
  3 adders
  An adder skeleton (D:4)
  3 worms
  2 dart slugs (D:3)
  A leopard gecko (D:2)
  8 orcs
  A ball python (D:1)
  A giant cockroach (D:3)
  7 goblins
  8 hobgoblins
  8 jackals
  A quokka (D:4)
  5 bats
  3 frilled lizards
  A leopard gecko skeleton (D:4)
  6 rats
69 creatures vanquished.

Notes
Turn   | Place    | Note
-------+----------+-------------------------------------------
     0 | D:1      | Dorkslayer the Minotaur Fighter began the quest for the
                  | Orb.
     0 | D:1      | Reached XP level 1. HP: 19/19 MP: 0/0
   644 | D:1      | Reached XP level 2. HP: 27/27 MP: 1/1
  1132 | D:2      | Reached XP level 3. HP: 33/33 MP: 2/2
  1159 | D:2      | Found an opulent altar of Gozag.
  1292 | D:2      | Gained mutation: Your spells are a little harder to cast,
                  | but a little more powerful. [potion of mutation]
  1292 | D:2      | Gained mutation: You can translocate small distances at
                  | will. [potion of mutation]
  1292 | D:2      | Gained mutation: You are resistant to electric shocks.
                  | (rElec) [potion of mutation]
  1292 | D:2      | Gained mutation: Your flesh is cold resistant. (rC+)
                  | [potion of mutation]
  1574 | D:3      | Reached skill level 3 in Axes
  1578 | D:3      | Reached XP level 4. HP: 14/40 MP: 3/3
  2200 | D:4      | Noticed Eustachio
  2219 | D:4      | Killed Eustachio
  2219 | D:4      | Reached skill level 4 in Axes
  2219 | D:4      | Reached XP level 5. HP: 29/47 MP: 4/4
  2295 | D:4      | Noticed an ogre
  2301 | D:4      | HP: 2/47 [ogre/+0 giant club (29)]
  2304 | D:4      | Killed an ogre
  2304 | D:4      | Reached skill level 5 in Axes
  2304 | D:4      | Reached XP level 6. HP: 22/53 MP: 5/5
  2495 | D:4      | Reached skill level 5 in Fighting
  2499 | D:4      | Noticed Edmund
  2513 | D:4      | Killed Edmund
  2513 | D:4      | Reached skill level 6 in Axes
  2513 | D:4      | Reached skill level 5 in Armour
  2513 | D:4      | Reached skill level 1 in Dodging
  2513 | D:4      | Reached skill level 5 in Shields
  2925 | D:4      | Reached XP level 7. HP: 61/61 MP: 6/6
  3107 | D:4      | Noticed Pikel
  3127 | D:4      | Slain by Pikel

Levels and vault maps discovered:
D:1:      tarquinn_simple_flora_water_d, layout_basic, bh_walls_and_bars
D:2:      layout_basic, nrook_loot_triangle, grunt_gozag_statues
D:3:      layout_basic, first_ration
D:4:      minmay_skewed_foursquare, layout_loops_corners,
          fedhas_altar_fruit_tree, uniq_crazy_yiuf_cottage, uniq_edmund,
          uniq_eustachio, uniq_pikel

Skill      XL: |  1  2  3  4  5  6 |
---------------+-------------------+-----
Shields        | 4 5 |  5.1
Armour         | 4 5 |  5.4
Fighting       | 4 5 |  5.2
Axes           | 3 4 5 6 |  6.3
Dodging        | 1 |  1.0
Stealth        | |  0.1

Action                   |  1- 3 |  4- 6 |  7- 9 || total
-------------------------+-------+-------+-------++-------
Melee: War axe           |    69 |    82 |    22 ||   173
       Headbutt          |    11 |    17 |     3 ||    31
  Use: Scroll            |     4 |     4 |       ||     8
       Potion            |     1 |     3 |       ||     4
  Eat: Chunk             |     1 |     2 |     1 ||     4
       Ration            |     1 |       |       ||     1
Armor: Scale mail        |    39 |    28 |       ||    67
       Chain mail        |       |     2 |    37 ||    39
Dodge: Dodged            |    25 |    22 |    12 ||    59
Block: Shield            |    39 |    33 |    27 ||    99

Table legend:
 A = Non-vault XP
 B = Vault XP
 C = Vault XP percentage of total XP
 D = Non-vault monster count
 E = Vault monster count
 F = Vault count percentage of total count
                 A         B        C        D         E       F
            +---------+---------+-------+---------+---------+-------
      Total |     372 |     408 |  52.3 |      62 |       4 |   6.1
            +---------+---------+-------+---------+---------+-------
        D:1 |      13 |       0 |   0.0 |       8 |       0 |   0.0
        D:2 |      32 |       0 |   0.0 |      12 |       0 |   0.0
        D:3 |      86 |       0 |   0.0 |      28 |       0 |   0.0
        D:4 |     241 |     408 |  62.9 |      14 |       4 |  22.2
            +---------+---------+-------+---------+---------+-------
